 Dungeon Crawl Stone Soup version 0.25-a0-10-g2fe12d4386 (webtiles) character file.

Game seed: 12076237595060476039, levelgen mode: deterministic

90 Arixos the Ducker (level 4, -9/34 HPs)
             Began as a Demonspawn Gladiator on Oct 15, 2019.
             Killed by divine providence
             ... invoked by an orc priest
              (14 damage)
             ... on level 2 of the Dungeon.
             The game lasted 00:07:42 (2105 turns).

Arixos the Ducker (Demonspawn Gladiator)            Turns: 2105, Time: 00:07:42

Health: -9/34      AC:  4    Str: 16    XL:     4   Next: 32%
Magic:  4/4        EV: 13    Int:  9    God:
Gold:   217        SH:  0    Dex: 14    Spells: 3/3 levels left

rFire    + . .     SeeInvis .     - Unarmed
rCold    . . .     Gourm    .   (no shield)
rNeg     . . .     Faith    .   b - +0 leather armour
rPois    .         Spirit   .   c - +0 helmet
rElec    .         Reflect  .   (no cloak)
rCorr    .         Harm     .   (no gloves)
MR       .....                  (no boots)
Stlth    ++........             (no amulet)
HPRegen  0.11/turn              l - ring of protection from fire
MPRegen  0.09/turn              (no ring)

@: no status effects
A: claws 1, nightstalker 1
a: no special abilities


You were on level 2 of the Dungeon.
You were not hungry.

You visited 1 branch of the dungeon, and saw 3 of its levels.

You collected 217 gold pieces.

Inventory:

Armour
 b - a +0 leather armour (worn)
 c - a +0 helmet (worn)
Jewellery
 l - a ring of protection from fire (left claw)
Scrolls
 a - a scroll of fog {unknown}
 d - a scroll of teleportation {unknown}
 e - 5 scrolls of remove curse {unknown}
 h - 3 scrolls of identify {unknown}
 j - a scroll of random uselessness {unknown}
 m - a scroll of fear {unknown}
 o - a scroll of enchant armour {unknown}
 q - a scroll of magic mapping {unknown}
Potions
 g - a potion of mutation {unknown}
 k - a potion of heal wounds
 n - 2 potions of flight {unknown}
 p - a potion of agility {unknown}
Comestibles
 f - a ration


   Skills:
 + Level 2.9 Fighting
   Level 2.6 Staves
 - Level 1.7 Throwing
 + Level 1.7 Armour
 + Level 3.4 Dodging
 + Level 1.0 Unarmed Combat


You had 3 spell levels left.
You didn't know any spells.
Your spell library was empty.

Dungeon Overview and Level Annotations

Branches:
Dungeon (3/15)

Altars:
Nemelex Xobeh


Innate Abilities, Weirdness & Mutations

You have sharp fingernails.
You are slightly more attuned to the shadows.


Message History

The orc hits you.
The orc priest hits you with a +0 dagger.
You climb upwards.
There is a stone staircase leading down here.
You scratch the orc priest but do no damage.
The orc priest is moderately wounded.
The orc closely misses you.
The orc priest hits you but does no damage.
You barely miss the orc priest.
The orc priest is moderately wounded.
The orc hits you.
The orc priest mumbles some strange prayers to Beogh against you.
Pain shoots through your body!
* * * LOW HITPOINT WARNING * * *
You scratch the orc priest.
The orc priest is severely wounded.
The orc barely misses you.
The orc priest invokes the aid of Beogh against you.
Beogh smites you!
You die...

#####
####.######>......#..##
#.# #.##...##..## #.#
#.##......... #.#
#.##...###### #.#
#.##.#.# ### ##.###
#......# #.. #....#
#......# #.# ##.#o#
##.....# #.. ###@#
#.....# #>. ###o#
#.....# #.. #...#
###########. #.###
#.....##. #.# #.###.##.
####.##########.###.##.
#.................#.##.
#.##.##..######.#.#.##.
#.##.##.#.# #.....##.


You could see an orc priest and an orc.

Vanquished Creatures
  3 adders
  An ooze (D:3)
  A worm (D:2)
  A dart slug (D:2)
  3 leopard geckos
  An orc (D:3)
  2 giant cockroaches (D:2)
  7 goblins
  4 hobgoblins
  3 jackals (D:1)
  3 kobolds
  4 bats (D:2)
  6 frilled lizards
  13 rats
52 creatures vanquished.

Notes
Turn   | Place    | Note
-------+----------+-------------------------------------------
     0 | D:1      | Arixos the Demonspawn Gladiator began the quest for the
                  | Orb.
     0 | D:1      | Reached XP level 1. HP: 16/16 MP: 1/1
    80 | D:1      | Gained mutation: You are slightly more attuned to the
                  | shadows. [demonic ancestry]
    80 | D:1      | Reached XP level 2. HP: 20/22 MP: 2/2
   476 | D:2      | Found a sparkling altar of Nemelex Xobeh.
   485 | D:2      | Reached skill level 3 in Dodging
   506 | D:2      | Reached skill level 1 in Armour
   910 | D:2      | Gained mutation: You have sharp fingernails. [demonic
                  | ancestry]
   910 | D:2      | Reached XP level 3. HP: 28/28 MP: 3/3
  1799 | D:3      | Reached XP level 4. HP: 34/34 MP: 4/4
  1936 | D:3      | Reached skill level 1 in Unarmed Combat
  2105 | D:2      | Killed from afar by an orc priest

Levels and vault maps discovered:
D:1:      psy_arrival_basics, layout_basic
D:2:      layout_loops_cross, nemelex_xobeh_ov_fountains_minmay,
          minmay_octomino_c4
D:3:      layout_loops_ring, nicolae_overflow_hidden_temple, serial_forest,
          infiniplex_forest_end_2, infiniplex_forest_side_room,
          infiniplex_forest_lined_3, infiniplex_forest_clump_cross,
          infiniplex_forest_clump_small, infiniplex_forest_straight_4,
          infiniplex_forest_end_2, gammafunk_ghost_split

Skill      XL: |  1  2  3  4 |
---------------+-------------+-----
Dodging        | 3 |  3.4
Armour         | 1 |  1.7
Unarmed Combat | 1 |  1.0
Fighting       | |  2.9
Staves         | |  2.6
Throwing       | |  1.7

Action                   |  1- 3 |  4- 6 || total
-------------------------+-------+-------++-------
Melee: Quarterstaff      |    61 |       ||    61
       Unarmed           |    91 |    61 ||   152
  Use: Potion            |       |     4 ||     4
 Stab: Sleeping          |     5 |     1 ||     6
  Eat: Chunk             |     3 |     1 ||     4
Armor: Leather armour    |    39 |    12 ||    51
Dodge: Dodged            |   116 |    41 ||   157

Table legend:
 A = Non-vault XP
 B = Vault XP
 C = Vault XP percentage of total XP
 D = Non-vault monster count
 E = Vault monster count
 F = Vault count percentage of total count
                 A         B        C        D         E       F
            +---------+---------+-------+---------+---------+-------
      Total |     122 |       7 |   5.4 |      47 |       5 |   9.6
            +---------+---------+-------+---------+---------+-------
        D:1 |      21 |       0 |   0.0 |      14 |       0 |   0.0
        D:2 |      62 |       7 |  10.1 |      22 |       5 |  18.5
        D:3 |      39 |       0 |   0.0 |      11 |       0 |   0.0
            +---------+---------+-------+---------+---------+-------
